 Dungeon Crawl Stone Soup version 0.22-a0-538-g76cc104 (webtiles) character file.

33707 wazuzu the Carver (level 13, 0/104 HPs)
             Began as a Gnoll Berserker on June 20, 2018.
             Was a Priest of Trog.
             Succumbed to a spiny frog's poison
             ... on level 6 of the Lair of Beasts on June 23, 2018.
             The game lasted 00:42:24 (18485 turns).

wazuzu the Carver (Gnoll Berserker)                Turns: 18485, Time: 00:42:25

Health: 0/104      AC: 19    Str: 29    XL:     13   Next: 72%
Magic:  25/25      EV: 16    Int: 10    God:    Trog [***...]
Gold:   1032       SH:  9    Dex: 14    Spells: 28/28 levels left

rFire    + . .     SeeInvis .   I - +4 flail (drain)
rCold    . . .     Gourm    .   l - +0 buckler
rNeg     + . .     Faith    .   s - +2 scale mail {rPois}
rPois    +         Spirit   .   y - +2 hat
rElec    .         Reflect  +   g - +1 cloak
rCorr    +         Harm     .   E - +0 pair of gloves
MR       .....                  C - +2 pair of boots {run}
Stlth    +++.......             H - +3 amulet of reflection
HPRegen  0.27/turn              B - ring of protection from fire
MPRegen  0.19/turn              A - ring of Dosoepp {rCorr rN+ Str+4}

@: lethally poisoned (0 -> -4), berserk cooldown, slowed, very slow
A: distributed training, fangs 1, strong nose
a: Berserk, Trog's Hand, Renounce Religion


You were on level 6 of the Lair of Beasts.
You worshipped Trog.
Trog was most pleased with you.
You were hungry.

You visited 3 branches of the dungeon, and saw 18 of its levels.
You also visited: Ice Cave.

You collected 1304 gold pieces.
You spent 272 gold pieces at shops.

Inventory:

Hand Weapons
 I - a +4 flail of draining (weapon)
Missiles
 f - 562 stones (quivered)
Armour
 g - a +1 cloak (worn)
 l - a +0 buckler (worn)
 s - a +2 scale mail of poison resistance (worn)
 y - a +2 hat (worn)
 C - a +2 pair of boots of running (worn)
 E - a +0 pair of gloves (worn)
 M - the +3 ring mail "Tausom" {*Drain rElec Stlth+}
   (You found it on level 3 of the Lair of Beasts)

   It insulates you from electricity.
   It causes draining when unequipped.
   It makes you more stealthy.
 Q - the +0 scale mail of Elyvilon's Displeasure {*Corrode Int+3 Dex+2, unknown}
   (You found it on level 5 of the Lair of Beasts)

   It affects your intelligence (+3).
   It affects your dexterity (+2).
   It may corrode you when you take damage.
Jewellery
 k - the ring "Waagri" {*Drain +Inv rC+ Str+2 Dex+4}
   (You found it on level 4 of the Lair of Beasts)

   [ring of protection from cold]

   It affects your strength (+2).
   It affects your dexterity (+4).
   It protects you from cold.
   It lets you turn invisible.
   It causes draining when unequipped.
 r - an uncursed ring of see invisible
 A - the ring of Dosoepp (right hand) {rCorr rN+ Str+4}
   (You took it off an orc wizard on level 9 of the Dungeon)

   [ring of resist corrosion]

   It affects your strength (+4).
   It protects you from negative energy.
 B - a ring of protection from fire (left hand)
 H - a +3 amulet of reflection (around neck)
Wands
 j - a wand of scattershot (5)
 t - a wand of acid (11)
 z - a wand of polymorph (11)
 D - a wand of flame (33)
 F - a wand of iceblast (28)
 J - a wand of digging (9)
 N - a wand of enslavement (11)
 P - a wand of disintegration (13)
Scrolls
 d - 7 scrolls of magic mapping
 e - 2 scrolls of fear
 h - a scroll of fog
 m - 9 scrolls of teleportation
 o - 5 scrolls of remove curse
 u - a scroll of silence
 K - a scroll of enchant weapon
Potions
 b - 6 potions of heal wounds
 i - a potion of ambrosia
 n - 14 potions of curing
 q - 3 potions of flight
 v - 2 potions of agility
 w - 4 potions of might
 x - 2 potions of haste
 G - 2 potions of mutation
 L - a potion of cancellation {unknown}
 R - a potion of brilliance {unknown}
Comestibles
 c - 23 rations


   Skills:
 + Level 10.6 Fighting
 + Level 8.4 Short Blades
 + Level 10.6 Long Blades
 + Level 8.4 Axes
 + Level 8.4 Maces & Flails
 + Level 8.4 Polearms
 + Level 8.4 Staves
 + Level 8.4 Slings
 + Level 8.4 Bows
 + Level 8.4 Crossbows
 + Level 8.4 Throwing
 + Level 9.6 Armour
 + Level 9.6 Dodging
 + Level 8.4 Stealth
 + Level 8.4 Shields
 + Level 8.4 Unarmed Combat
 + Level 8.4 Spellcasting
 + Level 7.0 Conjurations
 + Level 7.0 Hexes
 + Level 7.0 Charms
 + Level 7.0 Summonings
 + Level 7.0 Necromancy
 + Level 7.0 Translocations
 + Level 7.0 Transmutations
 + Level 7.0 Fire Magic
 + Level 7.0 Ice Magic
 + Level 7.0 Air Magic
 + Level 7.0 Earth Magic
 + Level 7.0 Poison Magic
 + Level 9.2 Invocations
 + Level 8.4 Evocations


You had 28 spell levels left.
You didn't know any spells.
Your spell library was empty.

Dungeon Overview and Level Annotations

Branches:
Dungeon (11/15)            Temple (1/1) D:4            Lair (6/6) D:9
 Shoals (0/4) Lair:3        Snake (0/4) Lair:3        Slime (0/5) Lair:5
    Orc (0/2) D:10

Altars:
Ashenzari
Cheibriados
Dithmenos
Elyvilon
Fedhas
Gozag
Kikubaaqudgha
Makhleb
Nemelex Xobeh
Okawaru
Qazlal
Ru
Sif Muna
Trog
Uskayaw
Vehumet
Wu Jian
Xom
Yredelemnul
Zin
The Shining One
Jiyva

Shops:
D:6 ?   D:11 (

Annotations:
Lair:4 Appuhyh's ghost, journeyman NaWz


Innate Abilities, Weirdness & Mutations

Your experience applies equally to all skills.
You have very sharp teeth.
Your uncanny sense of smell can sniff out nearby items.


Message History

You block the komodo dragon's attack. The spiny frog stings you.
* * * LOW HITPOINT WARNING * * *
The bullfrog hits you!
* * * LOW HITPOINT WARNING * * *
The bullfrog hits you but does no damage.
The crocodile bites you.
* * * LOW HITPOINT WARNING * * *
You barely miss the komodo dragon.
The komodo dragon is almost dead.
You feel sick. You block the spiny frog's attack.
The blink frog barely misses you. The bullfrog closely misses you.
The bullfrog misses you. The spiny frog misses you.
The komodo dragon bites you!
* * * LOW HITPOINT WARNING * * *
The spiny frog stings you but does no damage.
The blink frog blinks!
You block the crocodile's attack. The bullfrog closely misses you.
You block the bullfrog's attack.
You completely miss the komodo dragon. You bite the komodo dragon.
The komodo dragon is almost dead.
You die...

## ###
#.#####..#. ###
#(....?....
#...#....F...#
#..%...FF....#.
#....ยง@t......
#....lFF......
#..............
...............
.............<.
...............
P..............
...............


You could see a komodo dragon, 2 spiny frogs, a blink frog, a crocodile and 2
bullfrogs.

Vanquished Creatures
  Gastronok (D:8)
  An azure jelly (Lair:5)
  Snorg (Lair:3)
  2 hydras
  The ghost of Xahittah the Charlatan, a journeyman GnWn of Okawaru (Lair:1)
  2 two-headed ogres
  5 death yaks
  Nergalle (Lair:3)
  The ghost of Uriadew the Covert, a journeyman SpEn of Dithmenos (Lair:1)
  An unseen horror (D:10)
  A cyclops (D:11)
  An ugly thing (IceCv)
  A molten gargoyle (Lair:3)
  A torpor snail (Lair:5)
  An ice statue (IceCv)
  5 black mambas
  9 spiny frogs
  2 komodo dragons
  A rime drake (Lair:4)
  A polar bear (Lair:5)
  Prince Ribbit (D:9)
  5 hippogriffs
  A hornet (D:11)
  12 blink frogs
  A snapping turtle (Lair:3)
  The ghost of TheNamelessOne the Insei, an amateur OpTm (D:3)
  5 yaks (Lair:5)
  2 spriggans
  5 wyverns
  2 fire elementals (Lair:3)
  2 basilisks
  2 vampire mosquitoes (Lair:6)
  3 wargs (D:9)
  Edmund (D:6)
  5 water moccasins
  9 porcupines
  2 black bears
  4 necrophages (D:8)
  2 sky beasts (D:9)
  5 orc warriors
  8 ice beasts
  9 wolves
  3 ogres
  2 centaurs
  4 crocodiles
  10 bullfrogs
  A big kobold (D:9)
  A wyvern zombie (D:8)
  2 scorpions
  A wyvern skeleton (D:9)
  4 killer bees (D:9)
  3 wights (D:8)
  3 howler monkeys (D:7)
  5 electric eels
  4 crimson imps
  A jelly (D:9)
  A centaur zombie (D:8)
  Crazy Yiuf (D:3)
  3 hounds
  12 orc wizards
  12 orc priests
  2 bullfrog skeletons
  3 centaur skeletons
  Terence (D:3)
  6 iguanas
  5 worker ants
  A killer bee zombie (D:8)
  A hound zombie (D:8)
  3 mummies (D:8)
  A worker ant zombie (D:7)
  11 adders
  7 gnolls
  2 shadow imps
  4 oozes
  An adder skeleton (D:4)
  2 worms
  3 dart slugs
  2 leopard geckos
  20 orcs
  2 giant cockroaches (D:1)
  14 goblins
  8 hobgoblins
  5 jackals
  3 quokkas
  2 ball pythons
  8 bats
  7 frilled lizards
  A jackal skeleton (D:3)
  19 kobolds
  A leopard gecko zombie (D:6)
  2 quokka skeletons
  A quokka zombie (D:3)
  6 rats
  2 butterflies (Lair:5)
  9 plants (Lair:2)
364 creatures vanquished.

Vanquished Creatures (collateral kills)
  An ugly thing (IceCv)
  An ice statue (IceCv)
2 creatures vanquished.

Vanquished Creatures (others)
  A fire elemental (Lair:3)
  A fungus (Lair:4)
  10 plants
12 creatures vanquished.

Grand Total: 378 creatures vanquished

Notes
Turn   | Place    | Note
-------+----------+-------------------------------------------
     0 | D:1      | wazuzu the Gnoll Berserker began the quest for the Orb.
     0 | D:1      | Reached XP level 1. HP: 23/23 MP: 1/1
    47 | D:1      | Reached XP level 2. HP: 16/29 MP: 2/2
   661 | D:1      | Reached XP level 3. HP: 35/35 MP: 3/3
   885 | D:1      | Reached ** piety under Trog
  1194 | D:2      | Reached skill level 1 in Invocations
  1234 | D:2      | Found a shadowy altar of Dithmenos.
  1251 | D:2      | Reached skill level 1 in Short Blades
  1251 | D:2      | Reached skill level 1 in Axes
  1251 | D:2      | Reached skill level 1 in Maces & Flails
  1251 | D:2      | Reached skill level 1 in Polearms
  1251 | D:2      | Reached skill level 1 in Staves
  1251 | D:2      | Reached skill level 1 in Slings
  1251 | D:2      | Reached skill level 1 in Bows
  1251 | D:2      | Reached skill level 1 in Crossbows
  1251 | D:2      | Reached skill level 1 in Throwing
  1251 | D:2      | Reached skill level 1 in Stealth
  1251 | D:2      | Reached skill level 1 in Shields
  1251 | D:2      | Reached skill level 1 in Unarmed Combat
  1251 | D:2      | Reached skill level 1 in Spellcasting
  1251 | D:2      | Reached skill level 1 in Evocations
  1251 | D:2      | Reached XP level 4. HP: 41/41 MP: 5/5
  1755 | D:2      | Found a glowing golden altar of the Shining One.
  1968 | D:3      | Reached skill level 1 in Conjurations
  1968 | D:3      | Reached skill level 1 in Hexes
  1968 | D:3      | Reached skill level 1 in Charms
  1968 | D:3      | Reached skill level 1 in Summonings
  1968 | D:3      | Reached skill level 1 in Necromancy
  1968 | D:3      | Reached skill level 1 in Translocations
  1968 | D:3      | Reached skill level 1 in Transmutations
  1968 | D:3      | Reached skill level 1 in Fire Magic
  1968 | D:3      | Reached skill level 1 in Ice Magic
  1968 | D:3      | Reached skill level 1 in Air Magic
  1968 | D:3      | Reached skill level 1 in Earth Magic
  1968 | D:3      | Reached skill level 1 in Poison Magic
  2152 | D:3      | Reached *** piety under Trog
  2244 | D:3      | Reached XP level 5. HP: 44/47 MP: 6/6
  2432 | D:3      | Noticed Terence
  2447 | D:3      | Killed Terence
  2569 | D:3      | Found a runed door.
  2639 | D:3      | Found a runed gate.
  2639 | D:3      | Found a runed gate.
  2639 | D:3      | Found a runed gate.
  2748 | D:3      | Found an ornate altar of the Wu Jian Council.
  2828 | D:3      | Noticed TheNamelessOne's ghost (amateur OpTm)
  2856 | D:3      | Killed TheNamelessOne's ghost
  2856 | D:3      | Reached skill level 5 in Armour
  2856 | D:3      | Reached skill level 5 in Dodging
  2856 | D:3      | Reached XP level 6. HP: 48/53 MP: 7/9
  3062 | D:3      | Noticed Crazy Yiuf
  3067 | D:3      | Killed Crazy Yiuf
  3225 | D:4      | Reached XP level 7. HP: 48/59 MP: 10/10
  3495 | D:4      | Found an iron altar of Okawaru.
  3624 | D:4      | Found a staircase to the Ecumenical Temple.
  3671 | Temple   | Entered the Ecumenical Temple
  3817 | D:5      | Entered Level 5 of the Dungeon
  4687 | D:5      | Reached XP level 8. HP: 30/67 MP: 12/12
  4980 | D:6      | Reached **** piety under Trog
  5387 | D:6      | Found Mikueki's Magic Scroll Shop.
  5395 | D:6      | Bought a scroll of teleportation for 39 gold pieces
  5395 | D:6      | Bought a scroll of noise for 13 gold pieces
  5395 | D:6      | Bought a scroll of magic mapping for 45 gold pieces
  5399 | D:6      | Bought a scroll of fog for 26 gold pieces
  5399 | D:6      | Bought a scroll of silence for 97 gold pieces
  5399 | D:6      | Bought a scroll of identify for 26 gold pieces
  5399 | D:6      | Bought a scroll of identify for 26 gold pieces
  5454 | D:6      | Noticed Edmund
  5474 | D:6      | Killed Edmund
  5747 | D:7      | Noticed a hippogriff
  5752 | D:7      | Reached XP level 9. HP: 72/72 MP: 14/14
  6926 | D:7      | Found an opulent altar of Gozag.
  7442 | D:8      | Reached skill level 5 in Invocations
  7481 | D:8      | Noticed a two-headed ogre
  7489 | D:8      | Killed a two-headed ogre
  7489 | D:8      | Reached XP level 10. HP: 50/79 MP: 17/17
  7637 | D:8      | Reached skill level 5 in Short Blades
  7637 | D:8      | Reached skill level 5 in Axes
  7637 | D:8      | Reached skill level 5 in Maces & Flails
  7637 | D:8      | Reached skill level 5 in Polearms
  7637 | D:8      | Reached skill level 5 in Staves
  7637 | D:8      | Reached skill level 5 in Slings
  7637 | D:8      | Reached skill level 5 in Bows
  7637 | D:8      | Reached skill level 5 in Crossbows
  7637 | D:8      | Reached skill level 5 in Throwing
  7637 | D:8      | Reached skill level 5 in Stealth
  7637 | D:8      | Reached skill level 5 in Shields
  7637 | D:8      | Reached skill level 5 in Unarmed Combat
  7637 | D:8      | Reached skill level 5 in Spellcasting
  7637 | D:8      | Reached skill level 5 in Evocations
  7785 | D:8      | Reached ***** piety under Trog
  7973 | D:8      | Noticed Gastronok
  7993 | D:8      | Killed Gastronok
  8150 | D:8      | Found a snail-covered altar of Cheibriados.
  8590 | D:9      | Reached XP level 11. HP: 75/85 MP: 19/19
  8915 | D:9      | Found a staircase to the Lair.
  8930 | D:9      | Received a gift from Trog
  8945 | D:9      | Got a wavering iron ring
  9297 | D:9      | Identified the ring of Dosoepp {rCorr rN+ Str+4} (You took it off an orc wizard on level 9 of the Dungeon)
  9321 | D:9      | Found a hide-covered altar of Uskayaw.
  9403 | D:9      | Noticed Prince Ribbit
  9430 | D:9      | Killed Prince Ribbit
  9430 | D:9      | Reached skill level 5 in Conjurations
  9430 | D:9      | Reached skill level 5 in Hexes
  9430 | D:9      | Reached skill level 5 in Charms
  9430 | D:9      | Reached skill level 5 in Summonings
  9430 | D:9      | Reached skill level 5 in Necromancy
  9430 | D:9      | Reached skill level 5 in Translocations
  9430 | D:9      | Reached skill level 5 in Transmutations
  9430 | D:9      | Reached skill level 5 in Fire Magic
  9430 | D:9      | Reached skill level 5 in Ice Magic
  9430 | D:9      | Reached skill level 5 in Air Magic
  9430 | D:9      | Reached skill level 5 in Earth Magic
  9430 | D:9      | Reached skill level 5 in Poison Magic
  9700 | D:10     | Entered Level 10 of the Dungeon
  9715 | D:10     | Noticed an unseen horror
  9731 | D:10     | Killed an unseen horror
  9997 | D:10     | Found a staircase to the Orcish Mines.
 10087 | D:10     | Found a sacrificial altar of Ru.
 10146 | D:10     | Received a gift from Trog
 10294 | D:10     | You fall through a shaft!
 10359 | D:11     | Noticed a two-headed ogre
 10365 | D:11     | Killed a two-headed ogre
 10530 | D:11     | Found Gaaj's Antique Weapon Boutique.
 10683 | D:11     | Noticed a cyclops
 10689 | D:11     | Killed a cyclops
 11059 | Lair:1   | Entered Level 1 of the Lair of Beasts
 11065 | Lair:1   | Found a runed gate.
 11066 | Lair:1   | Found a runed gate.
 11068 | Lair:1   | Found a runed gate.
 11069 | Lair:1   | Noticed Xahittah's ghost (journeyman GnWn)
 11070 | Lair:1   | Noticed Uriadew's ghost (journeyman SpEn)
 11095 | Lair:1   | Killed Uriadew's ghost
 11104 | Lair:1   | Killed Xahittah's ghost
 11112 | Lair:1   | Got a warped scale mail
 11120 | Lair:1   | Identified the cursed +0 scale mail "Hutaler" {Str+6} (You found it on level 1 of the Lair of Beasts)
 11199 | Lair:1   | Received a gift from Trog
 11637 | Lair:1   | Got a bloodstained hand axe
 11638 | Lair:1   | Identified the +3 hand axe of Tartarus {vamp, *Slow rN++ MR+ Int+4} (You found it on level 1 of the Lair of Beasts)
 11719 | Lair:1   | Identified a +2 pair of boots of running (You found it on level 1 of the Lair of Beasts)
 12082 | Lair:2   | Found a frozen archway.
 12091 | IceCv    | Entered an ice cave
 12091 | IceCv    | Noticed a white ugly thing
 12092 | IceCv    | Found a transporter.
 12098 | IceCv    | Killed a white ugly thing
 12098 | IceCv    | Reached XP level 12. HP: 96/96 MP: 22/22
 12149 | IceCv    | Found a transporter.
 12433 | Lair:2   | Received a gift from Trog
 13249 | Lair:2   | Upgraded the game from 0.22-a0-525-gf69a080 to 0.22-a0-533-g4d20840
 13249 | Lair:2   | Upgraded the game from 0.22-a0-533-g4d20840 to 0.22-a0-538-g76cc104
 13722 | Lair:3   | Noticed Nergalle
 13736 | Lair:3   | Killed Nergalle
 13763 | Lair:3   | Got a dazzling ring mail
 13805 | Lair:3   | Noticed a five-headed hydra
 13813 | Lair:3   | Killed a five-headed hydra
 13999 | Lair:3   | Identified the +3 ring mail "Tausom" {*Drain rElec Stlth+} (You found it on level 3 of the Lair of Beasts)
 14077 | Lair:3   | Noticed Snorg
 14088 | Lair:3   | Killed Snorg
 14394 | Lair:3   | Found a staircase to the Snake Pit.
 14640 | Lair:3   | Found a staircase to the Shoals.
 14868 | Lair:4   | Noticed Appuhyh's ghost (journeyman NaWz)
 14876 | Lair:4   | Found a transporter.
 14934 | Lair:4   | Reached skill level 10 in Fighting
 14934 | Lair:4   | Reached skill level 10 in Long Blades
 15264 | Lair:4   | Found a transporter.
 15322 | Lair:4   | Got a warped marble ring
 15912 | Lair:4   | Reached XP level 13. HP: 70/103 MP: 24/24
 16166 | Lair:4   | Found a sparkling altar of Nemelex Xobeh.
 16439 | Lair:5   | Found a runed door.
 16440 | Lair:5   | Found a viscous altar of Jiyva.
 16441 | Lair:5   | Found a staircase to the Slime Pits.
 16441 | Lair:5   | Noticed an azure jelly
 16880 | Lair:5   | Got a scorched scale mail
 17133 | Lair:5   | Received a gift from Trog
 17490 | Lair:5   | Identified the ring "Waagri" {*Drain +Inv rC+ Str+2 Dex+4} (You found it on level 4 of the Lair of Beasts)
 17853 | Lair:5   | Killed an azure jelly
 17954 | Lair:6   | Entered Level 6 of the Lair of Beasts
 18484 | Lair:6   | HP: 1/104 [komodo dragon (13)]
 18485 | Lair:6   | Succumbed to a spiny frog's poison

Vault maps used:
D:1:      minmay_arrival_checkered_box
D:2:      nicolae_tso_swordbearing_angel, nicolae_dithmenos_shadow_blocks
D:3:      minmay_wonky_spiral, nicolae_overflow_hidden_temple,
          gammafunk_ghost_necromancy, uniq_crazy_yiuf_cottage, uniq_terence
D:4:      minmay_temple_entry_trees, minmay_misc_feat_nine_boxes,
          kennysheep_okawaru_gauntlet
D:5:      first_ration
D:6:      serial_shops, shop, minmay_statues_item, hangedman_decor_lopped,
          minmay_crystal_water, st_stairs_8, grunt_ministairs_1, uniq_edmund
D:7:      basic_altar, the_bakery, nrook_loot_triangle, grunt_ministairs_4
D:8:      kennysheep_mini_moat, serial_undead, serial_undead_c, serial_undead_e,
          serial_undead_b, serial_undead_a, serial_undead_e, serial_undead_f,
          serial_undead_f, serial_undead_c, serial_undead_b, serial_undead_f,
          minivault_4, uniq_gastronok
D:9:      eat_drink_and_be_merry_uskayaw, erik_lair_orcish_takeover,
          minivault_23, uniq_prince_ribbit1
D:10:     orc_0_dummy, hangedman_abyss_or_decor_stabs,
          nicolae_ru_sacrificial_ziggurat
D:11:     serial_shops, shop_coins, minmay_misc_feat_roman,
          hangedman_abyss_or_decor_lesser_grid
Temple:   lightli_temple_of_artemis
Lair:1:   gammafunk_ghost_cemetery
Lair:2:   portal_ice_cave_entry_pillars_2, wad_woods_03
Lair:3:   minmay_shoals_entry_hut, dummy_snake_entry, minivault_19,
          serial_bayou_crossing, uniq_snorg, uniq_nergalle
Lair:4:   basic_altar, gammafunk_ghost_arena, grunt_megastairs_4
Lair:5:   slime_altar_2, st_stairs_4, nicolae_lair_grove_arrangements,
          infiniplex_staircase_pool_2, lemuel_fruit_fields
Lair:6:   minmay_lair_end_frog_pond, ice2_lemuel, lemuel_fruit_fields
IceCv:    ice_cave_statue_garden_transporter

Skill      XL: |  1  2  3  4  5  6  7  8  9 10 11 12 13 |
---------------+----------------------------------------+-----
Invocations    | 1 2 3 4 5 6 7 8 9 |  9.2
Short Blades   | 1 2 3 4 5 6 7 8 |  8.4
Axes           | 1 2 3 4 5 6 7 8 |  8.4
Maces & Flails | 1 2 3 4 5 6 7 8 |  8.4
Polearms       | 1 2 3 4 5 6 7 8 |  8.4
Staves         | 1 2 3 4 5 6 7 8 |  8.4
Slings         | 1 2 3 4 5 6 7 8 |  8.4
Bows           | 1 2 3 4 5 6 7 8 |  8.4
Crossbows      | 1 2 3 4 5 6 7 8 |  8.4
Throwing       | 1 2 3 4 5 6 7 8 |  8.4
Stealth        | 1 2 3 4 5 6 7 8 |  8.4
Shields        | 1 2 3 4 5 6 7 8 |  8.4
Unarmed Combat | 1 2 3 4 5 6 7 8 |  8.4
Spellcasting   | 1 2 3 4 5 6 7 8 |  8.4
Evocations     | 1 2 3 4 5 6 7 8 |  8.4
Conjurations   | 1 2 3 4 5 6 7 |  7.0
Hexes          | 1 2 3 4 5 6 7 |  7.0
Charms         | 1 2 3 4 5 6 7 |  7.0
Summonings     | 1 2 3 4 5 6 7 |  7.0
Necromancy     | 1 2 3 4 5 6 7 |  7.0
Translocations | 1 2 3 4 5 6 7 |  7.0
Transmutations | 1 2 3 4 5 6 7 |  7.0
Fire Magic     | 1 2 3 4 5 6 7 |  7.0
Ice Magic      | 1 2 3 4 5 6 7 |  7.0
Air Magic      | 1 2 3 4 5 6 7 |  7.0
Earth Magic    | 1 2 3 4 5 6 7 |  7.0
Poison Magic   | 1 2 3 4 5 6 7 |  7.0
Armour         | 5 6 7 8 9 |  9.6
Dodging        | 5 6 7 8 9 |  9.6
Fighting       | 7 8 9 10 | 10.6
Long Blades    | 7 8 9 10 | 10.6

Action                   |  1- 3 |  4- 6 |  7- 9 | 10-12 | 13-15 || total
-------------------------+-------+-------+-------+-------+-------++-------
Melee: Falchion          |    90 |   211 |   185 |       |       ||   486
       Bite              |     9 |    24 |    68 |   153 |    37 ||   291
       Long sword        |       |       |   250 |   561 |       ||   811
       Flail             |       |       |       |   173 |   261 ||   434
Throw: Stone             |       |       |       |     5 |     9 ||    14
Invok: Berserk           |       |       |     1 |    13 |     4 ||    18
       Trog's Hand       |       |       |       |     3 |     3 ||     6
       Brothers in Arms  |       |       |       |     2 |       ||     2
Evoke: Wand              |       |       |     5 |     4 |     6 ||    15
  Use: Scroll            |       |     7 |     8 |    12 |     2 ||    29
       Potion            |       |     3 |       |     4 |     2 ||     9
 Stab: Sleeping          |     2 |       |       |     5 |     1 ||     8
       Invisible         |       |       |       |       |     4 ||     4
  Eat: Chunk             |     1 |     5 |    17 |    28 |     5 ||    56
       Ration            |       |       |       |     4 |     2 ||     6
Armor: Animal skin       |     9 |       |       |       |       ||     9
       Plate armour      |     8 |    84 |       |       |       ||    92
       Scale mail        |       |    19 |   118 |   218 |    89 ||   444
Dodge: Dodged            |    62 |    80 |   216 |   381 |   208 ||   947
Block: Buckler           |       |    35 |    97 |   183 |    81 ||   396
       Rpst.: Falchion   |    21 |    25 |    25 |       |       ||    71
       Long sword        |       |       |    38 |   102 |       ||   140

Table legend:
 A = Spawn XP
 B = Non-spawn XP
 C = Spawn XP percentage of total XP
 D = Spawn monster count
 E = Non-spawn monster count
 F = Spawn count percentage of total count
 G = Total turns spent on level
                    A         B        C        D         E        F      G
               +---------+---------+-------+---------+---------+-------+---------
         Total |       0 |   48153 |   0.0 |       0 |     356 |   0.0 | 18485
               +---------+---------+-------+---------+---------+-------+---------
           D:1 |       0 |      55 |   0.0 |       0 |      30 |   0.0 |  1190
           D:2 |       0 |      66 |   0.0 |       0 |      19 |   0.0 |   750
           D:3 |       0 |     446 |   0.0 |       0 |      35 |   0.0 |  1207
           D:4 |       0 |     203 |   0.0 |       0 |       9 |   0.0 |   563
           D:5 |       0 |     500 |   0.0 |       0 |      19 |   0.0 |  1046
           D:6 |       0 |    1216 |   0.0 |       0 |      30 |   0.0 |  1518
           D:7 |       0 |    1469 |   0.0 |       0 |      22 |   0.0 |   951
           D:8 |       0 |    4701 |   0.0 |       0 |      28 |   0.0 |  1271
           D:9 |       0 |    2957 |   0.0 |       0 |      42 |   0.0 |  1280
          D:10 |       0 |    1372 |   0.0 |       0 |      10 |   0.0 |   699
          D:11 |       0 |    1614 |   0.0 |       0 |       4 |   0.0 |   622
        Lair:1 |       0 |    3668 |   0.0 |       0 |      14 |   0.0 |  1077
        Lair:2 |       0 |    1955 |   0.0 |       0 |       8 |   0.0 |  1006
        Lair:3 |       0 |    5261 |   0.0 |       0 |      15 |   0.0 |  1268
        Lair:4 |       0 |    5176 |   0.0 |       0 |      19 |   0.0 |  1582
        Lair:5 |       0 |   12962 |   0.0 |       0 |      36 |   0.0 |  2003
        Lair:6 |       0 |    2339 |   0.0 |       0 |       6 |   0.0 |    43
         IceCv |       0 |    2193 |   0.0 |       0 |      10 |   0.0 |   302
               +---------+---------+-------+---------+---------+-------+---------
